 Dungeon Sprint DCSS version 0.25-a0-589-g1e14c54 (webtiles) character file.

Game seed: 15132444042160692353, levelgen mode: deterministic

11399 Faca the Thrower (level 11, -2/93 HPs)
             Began as a Gnoll Hunter on Mar 9, 2020.
             Was the Champion of Okawaru.
             Slain by an orc knight
             ... wielding a +0 great sword
              (7 damage)
             ... in the Dungeon (Sprint IX: "|||||||||||||||||||||||||||||").
             The game lasted 00:06:52 (2504 turns).

Faca the Thrower (Gnoll Hunter)                     Turns: 2504, Time: 00:06:53

Health: -2/93      AC: 17    Str: 21    XL:     11   Next: 77%
Magic:  25/25      EV: 16    Int: 14    God:    Okawaru [******]
Gold:   650        SH:  0    Dex: 15    Spells: 31/31 levels left

rFire    . . .     SeeInvis .   g - +2 scimitar (flame)
rCold    + . .     Gourm    .   (no shield)
rNeg     + . .     Faith    .   t - +1 chain mail
rPois    .         Spirit   .   C - +0 hat of Rukaowk {rC+ rN+ MR+}
rElec    .         Reflect  .   r - +0 cloak
rCorr    .         Harm     .   b - +0 pair of gloves
MR       +....     NoTele   +   c - +0 pair of boots
Stlth    ++........             (no amulet)
HPRegen  0.25/turn              v - +3 ring of strength
MPRegen  0.19/turn              u - +2 ring of evasion

@: lethally poisoned (-2 -> -6)
A: distributed training, fangs 1, strong nose
a: Heroism, Finesse, Renounce Religion


You were in the Dungeon.
You worshipped Okawaru.
Okawaru was exalted by your worship.
You were not hungry.

You visited 1 branch You collected 650 gold pieces.

Inventory:

Hand Weapons
 g - a +2 scimitar of flaming (weapon)
 p - a +2 vorpal morningstar
Missiles
 d - 2 throwing nets (quivered)
Armour
 b - a +0 pair of gloves (worn)
 c - a +0 pair of boots (worn)
 r - a +0 cloak (worn)
 t - a +1 chain mail (worn)
 C - the +0 hat of Rukaowk (worn) {rC+ rN+ MR+}
   (Okawaru gifted it to you in the Dungeon)

   It protects you from cold.
   It protects you from negative energy.
   It affects your resistance to hostile enchantments.
Jewellery
 u - a +2 ring of evasion (right hand)
 v - a +3 ring of strength (left hand)
 x - an uncursed ring of protection from cold
Wands
 o - a wand of acid (10)
Scrolls
 k - 2 scrolls of blinking
 m - 5 scrolls of remove curse
 n - 2 scrolls of amnesia
 y - a scroll of magic mapping
 z - a scroll of fear
 A - a scroll of identify
 B - 2 scrolls of enchant weapon
Potions
 a - a potion of brilliance
 e - 7 potions of curing
 h - 2 potions of haste
 i - 4 potions of magic
 j - a potion of berserk rage
 l - a potion of invisibility
 s - a potion of heal wounds
 w - 2 potions of mutation
Comestibles
 f - 10 rations


   Skills:
 + Level 11.4 Fighting
 + Level 10.5 Short Blades
 + Level 10.5 Long Blades
 + Level 10.5 Axes
 + Level 10.5 Maces & Flails
 + Level 10.5 Polearms
 + Level 10.5 Staves
 + Level 10.5 Slings
 + Level 10.5 Bows
 + Level 10.5 Crossbows
 + Level 13.1 Throwing
 + Level 10.5 Armour
 + Level 11.4 Dodging
 + Level 10.8 Stealth
 + Level 10.5 Shields
 + Level 10.5 Unarmed Combat
 + Level 10.5 Spellcasting
 + Level 9.0 Conjurations
 + Level 9.0 Hexes
 + Level 9.0 Charms
 + Level 9.0 Summonings
 + Level 9.0 Necromancy
 + Level 9.0 Translocations
 + Level 9.0 Transmutations
 + Level 9.0 Fire Magic
 + Level 9.0 Ice Magic
 + Level 9.0 Air Magic
 + Level 9.0 Earth Magic
 + Level 9.0 Poison Magic
 + Level 11.4 Invocations
 + Level 10.5 Evocations


You had 31 spell levels left.
You didn't know any spells.
Your spell library was empty.

Dungeon Overview and Level Annotations

Branches:
Dungeon (1/1)

Altars:
Cheibriados
Dithmenos
Elyvilon
Fedhas
Gozag
Hepliaklqana
Kikubaaqudgha
Makhleb
Nemelex Xobeh
Okawaru
Qazlal
Ru
Sif Muna
Trog
Uskayaw
Vehumet
Wu Jian
Xom
Yredelemnul
Zin
The Shining One
Beogh
Jiyva
Lugonu


Innate Abilities, Weirdness & Mutations

Your experience applies equally to all skills.
You have very sharp teeth.
Your uncanny sense of smell can sniff out nearby items.


Message History

The orc knight is severely wounded.
You feel sick.
The orc knight hits you with a +0 great sword.
* * * LOW HITPOINT WARNING * * *
You closely miss the orc knight.
The orc knight is severely wounded.
* * * LOW HITPOINT WARNING * * *
You feel sick.
The orc knight hits you but does no damage.
You hit the orc knight but do no damage.
The orc knight is severely wounded.
The orc warrior misses you.
Unknown command.
You closely miss the orc knight.
The orc knight is severely wounded.
* * * LOW HITPOINT WARNING * * *
You feel sick.
The orc warrior no longer looks unusually strong.
The orc knight hits you with a +0 great sword!
You die...

∆∆∆∆ ∆∆∆∆ ∆∆∆∆∆∆∆∆ ∆∆∆∆∆∆∆∆ ∆
▓▓▓▓▓▓▓▓▓▓▓▓▓▓▓▓▓▓▓▓▓▓▓▓ ∆∆∆∆∆
∆∆∆.(.)$oo@))(.....))))))))
▓▓▓▓▓▓▓▓▓▓▓▓▓▓▓▓▓▓▓▓▓▓▓▓▓▓▓▓▓▓▓▓▓
...............[.......[)........
▓▓▓▓▓▓▓▓▓▓▓▓▓▓▓▓▓▓▓▓▓▓▓▓▓▓▓▓▓▓▓▓▓
÷...'(..÷.÷..÷†......(..'.......)
▓▓▓▓▓▓▓▓▓▓▓▓▓▓▓▓▓▓▓▓▓▓▓▓▓▓▓▓▓▓▓▓▓
.................................
▓▓▓▓▓▓▓▓▓▓▓▓▓▓▓▓▓▓▓▓▓▓▓▓▓▓▓▓▓▓▓▓▓
)|..'________________________'...


You could see an orc knight and an orc warrior.

Vanquished Creatures
  Gastronok (D)
  A catoblepas (D)
  Erica (D)
  A centaur warrior (D)
  3 death yaks (D)
  An orc high priest (D)
  An elephant (D)
  A spiny frog (D)
  A komodo dragon (D)
  A hornet (D)
  2 blink frogs (D)
  2 hippogriffs (D)
  5 yaks (D)
  A basilisk (D)
  Eustachio (D)
  4 water moccasins (D)
  4 porcupines (D)
  8 orc warriors (D)
  An ice beast (D)
  2 sky beasts (D)
  A phantom (D)
  3 crocodiles (D)
  A bullfrog (D)
  A howler monkey (D)
  A crimson imp (D)
  A hound (D)
  5 orc priests (D)
  3 orc wizards (D)
  A jelly (D)
  An ooze (D)
  An adder skeleton (D)
  7 orcs (D)
  A giant cockroach (D)
  A hobgoblin (D)
  A kobold (D)
  A ball python (D)
  2 rats (D)
74 creatures vanquished.

Vanquished Creatures (others)
  A spatial maelstrom (D)
1 creature vanquished.

Grand Total: 75 creatures vanquished

Notes
Turn   | Place    | Note
-------+----------+-------------------------------------------
     0 | D        | Faca the Gnoll Hunter began the quest for the Orb.
     0 | D        | Reached XP level 1. HP: 20/20 MP: 1/1
    25 | D        | Banished a spatial maelstrom
    27 | D        | Reached skill level 1 in Short Blades
    27 | D        | Reached skill level 1 in Long Blades
    27 | D        | Reached skill level 1 in Axes
    27 | D        | Reached skill level 1 in Maces & Flails
    27 | D        | Reached skill level 1 in Polearms
    27 | D        | Reached skill level 1 in Staves
    27 | D        | Reached skill level 1 in Slings
    27 | D        | Reached skill level 1 in Bows
    27 | D        | Reached skill level 1 in Crossbows
    27 | D        | Reached skill level 1 in Armour
    27 | D        | Reached skill level 1 in Shields
    27 | D        | Reached skill level 1 in Unarmed Combat
    27 | D        | Reached skill level 1 in Spellcasting
    27 | D        | Reached skill level 1 in Invocations
    27 | D        | Reached skill level 1 in Evocations
    27 | D        | Reached XP level 2. HP: 24/26 MP: 1/3
   149 | D        | Noticed a sky beast
   149 | D        | Noticed a crimson imp
   151 | D        | Reached skill level 5 in Fighting
   151 | D        | Reached skill level 5 in Dodging
   151 | D        | Reached skill level 1 in Conjurations
   151 | D        | Reached skill level 1 in Hexes
   151 | D        | Reached skill level 1 in Charms
   151 | D        | Reached skill level 1 in Summonings
   151 | D        | Reached skill level 1 in Necromancy
   151 | D        | Reached skill level 1 in Translocations
   151 | D        | Reached skill level 1 in Transmutations
   151 | D        | Reached skill level 1 in Fire Magic
   151 | D        | Reached skill level 1 in Ice Magic
   151 | D        | Reached skill level 1 in Air Magic
   151 | D        | Reached skill level 1 in Earth Magic
   151 | D        | Reached skill level 1 in Poison Magic
   151 | D        | Reached XP level 3. HP: 20/33 MP: 3/6
   151 | D        | Killed a sky beast
   151 | D        | Reached skill level 9 in Throwing
   151 | D        | Reached XP level 4. HP: 24/39 MP: 3/8
   151 | D        | Reached XP level 5. HP: 28/45 MP: 3/9
   214 | D        | Found a roughly hewn altar of Beogh.
   214 | D        | Found a snail-covered altar of Cheibriados.
   214 | D        | Found a shadowy altar of Dithmenos.
   214 | D        | Found a white marble altar of Elyvilon.
   214 | D        | Found a blossoming altar of Fedhas.
   214 | D        | Found an opulent altar of Gozag.
   215 | D        | Found a hazy altar of Hepliaklqana.
   216 | D        | Found a viscous altar of Jiyva.
   217 | D        | Found an ancient bone altar of Kikubaaqudgha.
   218 | D        | Found a corrupted altar of Lugonu.
   219 | D        | Found a burning altar of Makhleb.
   220 | D        | Found a sparkling altar of Nemelex Xobeh.
   221 | D        | Found an iron altar of Okawaru.
   222 | D        | Found a stormy altar of Qazlal.
   223 | D        | Found a sacrificial altar of Ru.
   224 | D        | Found a shimmering blue altar of Sif Muna.
   225 | D        | Found a bloodstained altar of Trog.
   226 | D        | Found a hide-covered altar of Uskayaw.
   227 | D        | Found a radiant altar of Vehumet.
   228 | D        | Found an ornate altar of the Wu Jian Council.
   229 | D        | Became a worshipper of Warmaster Okawaru
   369 | D        | Found a shimmering altar of Xom.
   370 | D        | Found a basalt altar of Yredelemnul.
   371 | D        | Found a glowing silver altar of Zin.
   372 | D        | Found a glowing golden altar of the Shining One.
   426 | D        | Noticed a hippogriff
   426 | D        | Noticed a phantom
   426 | D        | Noticed an ice beast
   426 | D        | Noticed a sky beast
   428 | D        | Killed an ice beast
   428 | D        | Reached XP level 6. HP: 52/52 MP: 10/12
   430 | D        | Killed a sky beast
   430 | D        | Reached skill level 5 in Stealth
   430 | D        | Reached skill level 5 in Invocations
   437 | D        | Reached * piety under Okawaru
   438 | D        | Killed a hippogriff
   438 | D        | Reached skill level 5 in Short Blades
   438 | D        | Reached skill level 5 in Long Blades
   438 | D        | Reached skill level 5 in Axes
   438 | D        | Reached skill level 5 in Maces & Flails
   438 | D        | Reached skill level 5 in Polearms
   438 | D        | Reached skill level 5 in Staves
   438 | D        | Reached skill level 5 in Slings
   438 | D        | Reached skill level 5 in Bows
   438 | D        | Reached skill level 5 in Crossbows
   438 | D        | Reached skill level 10 in Throwing
   438 | D        | Reached skill level 5 in Armour
   438 | D        | Reached skill level 5 in Shields
   438 | D        | Reached skill level 5 in Unarmed Combat
   438 | D        | Reached skill level 5 in Spellcasting
   438 | D        | Reached skill level 5 in Evocations
   438 | D        | Reached XP level 7. HP: 51/60 MP: 11/14
   473 | D        | Noticed a yak
   473 | D        | Noticed a centaur warrior
   473 | D        | Noticed a hornet
   476 | D        | Paralysed by a hornet for 1 turns
   478 | D        | Killed a hornet
   478 | D        | Reached ** piety under Okawaru
   478 | D        | Reached XP level 8. HP: 54/67 MP: 16/16
   486 | D        | Killed a centaur warrior
   486 | D        | Reached *** piety under Okawaru
   486 | D        | Reached skill level 5 in Conjurations
   486 | D        | Reached skill level 5 in Hexes
   486 | D        | Reached skill level 5 in Charms
   486 | D        | Reached skill level 5 in Summonings
   486 | D        | Reached skill level 5 in Necromancy
   486 | D        | Reached skill level 5 in Translocations
   486 | D        | Reached skill level 5 in Transmutations
   486 | D        | Reached skill level 5 in Fire Magic
   486 | D        | Reached skill level 5 in Ice Magic
   486 | D        | Reached skill level 5 in Air Magic
   486 | D        | Reached skill level 5 in Earth Magic
   486 | D        | Reached skill level 5 in Poison Magic
   496 | D        | Killed a yak
   496 | D        | Reached XP level 9. HP: 24/75 MP: 19/19
   831 | D        | Noticed a komodo dragon
   833 | D        | Reached skill level 11 in Throwing
   837 | D        | Reached **** piety under Okawaru
   846 | D        | Killed a komodo dragon
  1126 | D        | Received a gift from Okawaru
  1135 | D        | Noticed a spiny frog
  1137 | D        | Noticed an elephant
  1146 | D        | Killed an elephant
  1146 | D        | Reached ***** piety under Okawaru
  1146 | D        | Reached XP level 10. HP: 55/83 MP: 22/22
  1160 | D        | Killed a spiny frog
  1332 | D        | Noticed a death yak
  1332 | D        | Noticed a catoblepas
  1332 | D        | Noticed a death yak
  1334 | D        | Noticed a death yak
  1337 | D        | Received a gift from Okawaru
  1337 | D        | Killed a death yak
  1337 | D        | Reached skill level 10 in Fighting
  1337 | D        | Reached skill level 12 in Throwing
  1337 | D        | Reached skill level 10 in Dodging
  1337 | D        | Received a gift from Okawaru
  1348 | D        | Killed a death yak
  1348 | D        | Reached skill level 10 in Invocations
  1351 | D        | Killed a catoblepas
  1351 | D        | Reached XP level 11. HP: 53/92 MP: 24/24
  1359 | D        | Killed a death yak
  1364 | D        | Reached skill level 10 in Stealth
  1381 | D        | Got a polished hat {god gift}
  1636 | D        | Identified the +0 hat of Rukaowk {rC+ rN+ MR+} (Okawaru
                  | gifted it to you in the Dungeon)
  1770 | D        | Noticed Gastronok
  1797 | D        | Killed Gastronok
  1797 | D        | Reached skill level 10 in Short Blades
  1797 | D        | Reached skill level 10 in Long Blades
  1797 | D        | Reached skill level 10 in Axes
  1797 | D        | Reached skill level 10 in Maces & Flails
  1797 | D        | Reached skill level 10 in Polearms
  1797 | D        | Reached skill level 10 in Staves
  1797 | D        | Reached skill level 10 in Slings
  1797 | D        | Reached skill level 10 in Bows
  1797 | D        | Reached skill level 10 in Crossbows
  1797 | D        | Reached skill level 10 in Armour
  1797 | D        | Reached skill level 10 in Shields
  1797 | D        | Reached skill level 10 in Unarmed Combat
  1797 | D        | Reached skill level 10 in Spellcasting
  1797 | D        | Reached skill level 10 in Evocations
  1970 | D        | Noticed Erica
  1972 | D        | Noticed Eustachio
  1984 | D        | Killed Erica
  2001 | D        | Killed Eustachio
  2467 | D        | Noticed an orc high priest
  2468 | D        | Reached skill level 13 in Throwing
  2481 | D        | Noticed a sun demon
  2481 | D        | Killed an orc high priest
  2481 | D        | Received a gift from Okawaru
  2481 | D        | Reached ****** piety under Okawaru
  2485 | D        | Noticed an orc knight
  2504 | D        | Slain by an orc knight

Levels and vault maps discovered:
D:        linesprint [early_d, line_temple, items_1, d_10, items_2, lair_1,
          lair_end, items_3, orc_1, orc_end, items_4, d_15, swamp_1, shoals_1,
          snake_1, spider_1, d_20, vaults_1, items_5, swamp_end, shoals_end,
          snake_end, spider_end, vaults_end, d_27, items_6, zot_1, zot_end,
          crypt_end, forest_end, elf_end, slime_end, tomb_end, abyss_end,
          pan_hell_end]

Skill      XL: |  1  2  3  4  5  6  7  8  9 10 11 |
---------------+----------------------------------+-----
Short Blades   | 1 2 3 4 5 7 8 9 10 | 10.5
Long Blades    | 1 2 3 4 5 7 8 9 10 | 10.5
Axes           | 1 2 3 4 5 7 8 9 10 | 10.5
Maces & Flails | 1 2 3 4 5 7 8 9 10 | 10.5
Polearms       | 1 2 3 4 5 7 8 9 10 | 10.5
Staves         | 1 2 3 4 5 7 8 9 10 | 10.5
Slings         | 1 2 3 4 5 7 8 9 10 | 10.5
Bows           | 1 2 3 4 5 7 8 9 10 | 10.5
Crossbows      | 1 2 3 4 5 7 8 9 10 | 10.5
Armour         | 1 2 3 4 5 7 8 9 10 | 10.5
Shields        | 1 2 3 4 5 7 8 9 10 | 10.5
Unarmed Combat | 1 2 3 4 5 7 8 9 10 | 10.5
Spellcasting   | 1 2 3 4 5 7 8 9 10 | 10.5
Invocations    | 1 2 3 4 5 6 7 9 10 11 | 11.4
Evocations     | 1 2 3 4 5 7 8 9 10 | 10.5
Fighting       | 5 6 7 8 9 10 11 | 11.4
Dodging        | 5 6 7 8 9 10 11 | 11.4
Stealth        | 3 4 5 6 7 8 9 10 | 10.8
Conjurations   | 1 2 3 4 5 6 7 9 |  9.0
Hexes          | 1 2 3 4 5 6 7 9 |  9.0
Charms         | 1 2 3 4 5 6 7 9 |  9.0
Summonings     | 1 2 3 4 5 6 7 9 |  9.0
Necromancy     | 1 2 3 4 5 6 7 9 |  9.0
Translocations | 1 2 3 4 5 6 7 9 |  9.0
Transmutations | 1 2 3 4 5 6 7 9 |  9.0
Fire Magic     | 1 2 3 4 5 6 7 9 |  9.0
Ice Magic      | 1 2 3 4 5 6 7 9 |  9.0
Air Magic      | 1 2 3 4 5 6 7 9 |  9.0
Earth Magic    | 1 2 3 4 5 6 7 9 |  9.0
Poison Magic   | 1 2 3 4 5 6 7 9 |  9.0
Throwing       | 9 10 11 12 13 | 13.1

Action                   |  1- 3 |  4- 6 |  7- 9 | 10-12 || total
-------------------------+-------+-------+-------+-------++-------
Melee: Short sword       |    27 |    40 |       |       ||    67
       Bite              |     2 |     3 |    10 |    31 ||    46
       Punch             |       |     4 |       |    15 ||    19
       Rapier            |       |     9 |    71 |    85 ||   165
       Scimitar          |       |       |       |    68 ||    68
Throw: Javelin           |     2 |     2 |     8 |    11 ||    23
  Use: Potion            |       |       |     1 |     3 ||     4
 Stab: Petrified         |       |       |       |     2 ||     2
  Eat: Chunk             |       |       |     1 |     1 ||     2
       Ration            |       |       |       |     1 ||     1
Armor: Leather armour    |     6 |     1 |       |       ||     7
       Chain mail        |       |     3 |    21 |    40 ||    64
Dodge: Dodged            |    15 |    29 |    37 |    81 ||   162
       Rpst.: Scimitar   |       |       |       |     6 ||     6

Table legend:
 A = Non-vault XP
 B = Vault XP
 C = Vault XP percentage of total XP
 D = Non-vault monster count
 E = Vault monster count
 F = Vault count percentage of total count
                 A         B        C        D         E       F
            +---------+---------+-------+---------+---------+-------
      Total |       0 |   16285 | 100.0 |       0 |      74 | 100.0
            +---------+---------+-------+---------+---------+-------
          D |       0 |   16285 | 100.0 |       0 |      74 | 100.0
            +---------+---------+-------+---------+---------+-------
